[Event "56th Biel Festival MTO 2023"]
[White "Monteverde,Jonathan"]
[Black "Toktomushev,Teimur"]
[Site "Biel"]
[Round "7.35"]
[Annotator "ChessBase"]
[Result "1-0"]
[Date "2023.07.25"]
[WhiteElo "2074"]
[BlackElo "2206"]
[PlyCount "79"]
[TimeControl "60"]

1. d4 d5 2. c4 e6 3. Nc3 Nf6 4. cxd5 exd5 5. Bg5 Be7 6. e3 c6 7. Bd3 Nbd7 8. Nge2 Nh5 9. Bxe7 Qxe7 10. Qd2 O-O 11. g4 Nhf6 12. f3 Re8 13. Kf2 Nb6 14. Rag1 c5 15. h4 cxd4 16. Nxd4 Nfd7 17. b3 Ne5 18. Bb1 Bd7 19. Nce2 a5 20. g5 a4 21. h5 axb3 22. axb3 Ra3 23. Qc2 g6 24. hxg6 fxg6 25. Rh6 Rf8 26. Nf4 Raa8 27. Nxg6 Nxg6 28. Rxg6+ hxg6 29. Qxg6+ Qg7 30. Qxb6 Ra1 31. Qxb7 Rfa8 32. Qxd5+ Kf8 33. Qd6+ Kg8 34. Qd5+ Kf8 35. f4 R8a5 36. Qd6+ Kg8 37. Qb8+ Kf7 38. Qd8 Bf5 39. Bxf5 R5a2+ 40. Nc2 1-0

[Event "56th Biel Festival MTO 2023"]
[White "Ehsani,Yassamin"]
[Black "Kocharin,Timur"]
[Site "Biel"]
[Round "7.36"]
[Annotator "ChessBase"]
[Result "0-1"]
[Date "2023.07.25"]
[WhiteElo "2106"]
[BlackElo "2225"]
[PlyCount "76"]
[TimeControl "60"]

1. d4 Nf6 2. c4 g6 3. Nc3 Bg7 4. e4 d6 5. f3 O-O 6. Nge2 c5 7. d5 e6 8. Ng3 exd5 9. cxd5 a6 10. a4 h5 11. Bg5 Nbd7 12. Be2 Qc7 13. O-O c4 14. Qd2 Rb8 15. Rfc1 b5 16. axb5 axb5 17. b4 Ne5 18. Be3 h4 19. Nh1 h3 20. g3 Bd7 21. Ra2 Ra8 22. Rca1 Rxa2 23. Rxa2 Nh7 24. Ra7 Qc8 25. Nf2 f5 26. Bd4 fxe4 27. Ncxe4 Nxf3+ 28. Bxf3 Rxf3 29. Bxg7 Kxg7 30. Qe2 Rb3 31. Nd2 Nf8 32. Qe7+ Kh8 33. Qf6+ Kg8 34. Ng4 Qe8 35. Qf2 Bxg4 36. Nxb3 cxb3 37. Ra1 Bf5 38. Rf1 Qe4 0-1

[Event "56th Biel Festival MTO 2023"]
[White "Matta,Vinay Kumar"]
[Black "Ribiere,Damien"]
[Site "Biel"]
[Round "7.37"]
[Annotator "ChessBase"]
[Result "1-0"]
[Date "2023.07.25"]
[WhiteElo "2111"]
[BlackElo "2213"]
[PlyCount "83"]
[TimeControl "60"]

1. e4 e5 2. Bc4 Nf6 3. d3 Nc6 4. Nc3 Na5 5. Nge2 Bc5 6. Ng3 d6 7. h3 h6 8. Qf3 Nxc4 9. dxc4 Be6 10. b3 c6 11. Bb2 a6 12. O-O O-O 13. Rad1 Qe7 14. Na4 Nd7 15. Nxc5 Nxc5 16. Qe3 b5 17. f4 f6 18. fxe5 fxe5 19. Rxf8+ Rxf8 20. cxb5 axb5 21. Kh2 Ra8 22. a3 Rf8 23. Bc3 Rf4 24. Bb4 Rf6 25. Qd2 Rg6 26. Qxd6 Qxd6 27. Rxd6 Rxg3 28. Rd8+ Kf7 29. Kxg3 Nxe4+ 30. Kf3 Ng5+ 31. Ke3 Bd5 32. Rd7+ Kf6 33. g3 Ne6 34. a4 bxa4 35. bxa4 Nd4 36. c3 Nf5+ 37. Kf2 Ke6 38. Rd8 g5 39. g4 Ng7 40. Bf8 Kf7 41. Bxg7 Kxg7 42. Rxd5 1-0

[Event "56th Biel Festival MTO 2023"]
[White "Foerster-Yialamas,Lucas"]
[Black "Matsumura,Cocoro"]
[Site "Biel"]
[Round "7.38"]
[Annotator "ChessBase"]
[Result "0-1"]
[Date "2023.07.25"]
[WhiteElo "2157"]
[BlackElo "2081"]
[PlyCount "130"]
[TimeControl "60"]

1. e4 c5 2. Nf3 d6 3. d4 cxd4 4. Nxd4 Nf6 5. Nc3 a6 6. f3 e5 7. Nb3 Be6 8. Be3 Be7 9. Qd2 O-O 10. O-O-O Nbd7 11. g4 b5 12. g5 b4 13. Na4 Nh5 14. Qxb4 d5 15. Qa5 Qxa5 16. Nxa5 d4 17. Bd2 Bxa2 18. Bh3 Be6 19. Bg4 g6 20. Rhg1 Rfc8 21. Bxe6 fxe6 22. b3 Rab8 23. Rde1 d3 24. Nc4 Rxc4 25. bxc4 Ba3+ 26. Kd1 Rb1+ 27. Bc1 Rxc1+ 28. Kd2 Rxc2+ 29. Kxd3 Rxh2 30. Rh1 Rf2 31. Ke3 Rc2 32. Kd3 Rg2 33. Rb1 a5 34. c5 Nxc5+ 35. Nxc5 Bxc5 36. Rb8+ Bf8 37. Ra1 Nf4+ 38. Kc4 Rc2+ 39. Kb3 Rf2 40. Rxa5 Rxf3+ 41. Kc4 Ne2 42. Rd8 Rc3+ 43. Kb5 Rc5+ 44. Kb6 Rxa5 45. Kxa5 Nc3 46. Rd2 Nxe4 47. Re2 Nxg5 48. Rxe5 Be7 49. Kb5 h5 50. Kc4 Kf7 51. Kd3 h4 52. Ke2 Kf6 53. Rb5 e5 54. Kf2 Kf5 55. Rb8 Bc5+ 56. Kg2 Ne6 57. Re8 g5 58. Kf3 g4+ 59. Kg2 Nf4+ 60. Kh1 Be7 61. Ra8 g3 62. Rc8 Kg4 63. Rc7 Kh3 64. Rc2 g2+ 65. Kg1 Bc5+ 0-1

[Event "56th Biel Festival MTO 2023"]
[White "Ammar,Sedrani"]
[Black "Erne,Raphael"]
[Site "Biel"]
[Round "7.39"]
[Annotator "ChessBase"]
[Result "1-0"]
[Date "2023.07.26"]
[WhiteElo "2154"]
[BlackElo "2077"]
[PlyCount "147"]
[TimeControl "60"]

1. d4 d5 2. Bf4 c5 3. e3 Nc6 4. Nc3 cxd4 5. exd4 a6 6. Nf3 Bg4 7. Be2 e6 8. O-O Nf6 9. h3 Bxf3 10. Bxf3 Be7 11. Ne2 Rc8 12. c3 Na5 13. Nc1 O-O 14. Re1 Nc4 15. Nd3 Nd7 16. Qb3 b6 17. Re2 Bg5 18. Rae1 Bxf4 19. Nxf4 Nf6 20. g3 Qd7 21. Kg2 a5 22. Qd1 Rb8 23. a3 Rfc8 24. h4 Qc7 25. Nd3 Nd6 26. Rc2 Nc4 27. Qc1 Qd6 28. Ree2 Qc7 29. Qg5 h6 30. Qc1 Qd6 31. Re1 Nd7 32. Rce2 Re8 33. g4 Nf8 34. Nf4 e5 35. dxe5 Rxe5 36. Rxe5 Nxe5 37. Qe3 Nxf3 38. Qxf3 Ng6 39. Nxg6 fxg6 40. Rd1 Rd8 41. Rd4 Qe7 42. Qd3 Rd6 43. Rxd5 Rxd5 44. Qxd5+ Kh8 45. Qc6 Qxh4 46. Qxg6 Qd8 47. Qc6 h5 48. gxh5 Qg5+ 49. Kf3 Qxh5+ 50. Ke3 Qg5+ 51. Ke2 Qg4+ 52. Qf3 Qe6+ 53. Kd2 Qd6+ 54. Qd3 Qf4+ 55. Qe3 Qd6+ 56. Qd4 Qc7 57. c4 Qb8 58. Kc3 Qa7 59. Qe5 Kg8 60. Kb3 Kf8 61. Qd6+ Kg8 62. Ka4 Qa6 63. Qc6 Kf8 64. b3 Kg8 65. f3 Qa7 66. Kb5 Qe7 67. Qd5+ Kf8 68. Kxb6 Qf6+ 69. Kxa5 Qc3+ 70. Ka4 Ke8 71. c5 Kf8 72. c6 Qe3 73. c7 Qa7+ 74. Qa5 1-0

[Event "56th Biel Festival MTO 2023"]
[White "Prieb,Robert"]
[Black "Jaksland,Tim"]
[Site "Biel"]
[Round "7.40"]
[Annotator "ChessBase"]
[Result "1-0"]
[Date "2023.07.25"]
[WhiteElo "2060"]
[BlackElo "2136"]
[PlyCount "106"]
[TimeControl "60"]

1. d4 Nf6 2. c4 e6 3. Nf3 d5 4. Nc3 Bb4 5. Qa4+ Nc6 6. e3 O-O 7. Bd2 dxc4 8. Bxc4 Bd6 9. O-O e5 10. d5 Ne7 11. Qc2 Ng6 12. Kh1 a6 13. a3 h6 14. Bd3 Ne7 15. e4 Ng6 16. b4 Nh5 17. Ne2 Bd7 18. a4 Qe7 19. Rab1 Qf6 20. Be3 b6 21. Rfe1 Nhf4 22. Nxf4 Nxf4 23. Bxf4 Qxf4 24. a5 b5 25. Qd2 Qxd2 26. Nxd2 c5 27. dxc6 Bxc6 28. Nf1 Rfd8 29. Red1 Be7 30. Ne3 Rd4 31. Nf5 Rd7 32. Bxb5 Rxd1+ 33. Rxd1 Bxb5 34. Nxe7+ Kf8 35. Nf5 Rc8 36. h3 h5 37. Rd5 f6 38. Nd6 Rc1+ 39. Kh2 Bf1 40. Rc5 Rb1 41. Rc8+ Ke7 42. Nf5+ Kd7 43. Rg8 g5 44. Rg6 Rxb4 45. Rxf6 Bb5 46. f3 Ra4 47. Rd6+ Kc7 48. Rd5 Rxa5 49. Rxe5 g4 50. fxg4 hxg4 51. h4 Bd3 52. h5 Bxe4 53. h6 g3+ 1-0

[Event "56th Biel Festival MTO 2023"]
[White "Misiano,Franco"]
[Black "Hornung,Hans"]
[Site "Biel"]
[Round "7.41"]
[Annotator "ChessBase"]
[Result "1/2-1/2"]
[Date "2023.07.25"]
[WhiteElo "2133"]
[BlackElo "2047"]
[PlyCount "59"]
[TimeControl "60"]

1. e4 e5 2. Nc3 Nf6 3. Bc4 Nxe4 4. Qh5 Nd6 5. Qxe5+ Qe7 6. Qxe7+ Bxe7 7. Bb3 O-O 8. Nf3 Nf5 9. O-O c6 10. d4 d5 11. Ne2 Nd6 12. Ng3 f5 13. Bf4 Ne4 14. Rfe1 Kh8 15. c3 Nd7 16. a4 Ndf6 17. h3 Be6 18. Ng5 Bd7 19. Nf3 Rae8 20. Ne5 Bc8 21. Nxe4 fxe4 22. Bh2 Nh5 23. c4 Be6 24. cxd5 cxd5 25. Rxe4 dxe4 26. Bxe6 Bh4 27. Nf7+ Kg8 28. Nh6+ Kh8 29. Nf7+ Kg8 30. Nh6+ 1/2-1/2

[Event "56th Biel Festival MTO 2023"]
[White "Gemelli,Romain"]
[Black "Coles,Robin"]
[Site "Biel"]
[Round "7.42"]
[Annotator "ChessBase"]
[Result "1-0"]
[Date "2023.07.25"]
[WhiteElo "2122"]
[BlackElo "2070"]
[PlyCount "95"]
[TimeControl "60"]

1. d4 d5 2. c4 e6 3. Nf3 Nf6 4. g3 Be7 5. Bg2 O-O 6. O-O c6 7. Qc2 b6 8. Nbd2 Bb7 9. e4 Na6 10. a3 c5 11. exd5 exd5 12. dxc5 bxc5 13. cxd5 Bxd5 14. Nc4 Be4 15. Qa4 Qc8 16. Re1 Bc6 17. Qc2 Re8 18. Bg5 h6 19. Bf4 Bf8 20. Rxe8 Qxe8 21. Re1 Qd8 22. Rd1 Qe7 23. Bd6 Qe4 24. Qxe4 Bxe4 25. Bxf8 Kxf8 26. Rd6 Nc7 27. Nfe5 Bxg2 28. Kxg2 Ne6 29. Ra6 Nd5 30. Ra5 f6 31. Nd7+ Ke7 32. Nxc5 Nec7 33. Na6 Kd7 34. Nxc7 Nxc7 35. b4 Kc6 36. Rc5+ Kd7 37. Kf3 Re8 38. Ne3 a6 39. Nf5 Rg8 40. h4 h5 41. Ne7 Re8 42. Ng6 Nb5 43. Rxh5 Nxa3 44. Ra5 Nc2 45. Rxa6 Nxb4 46. Ra7+ Ke6 47. Nf4+ Kd6 48. Rxg7 1-0

[Event "56th Biel Festival MTO 2023"]
[White "Adam,Rafael"]
[Black "Jaivardhan Raj"]
[Site "Biel"]
[Round "7.43"]
[Annotator "ChessBase"]
[Result "1-0"]
[Date "2023.07.25"]
[WhiteElo "2117"]
[BlackElo "2009"]
[PlyCount "97"]
[TimeControl "60"]

1. d4 Nf6 2. c4 e6 3. g3 Bb4+ 4. Nc3 O-O 5. Bg2 d5 6. a3 Bxc3+ 7. bxc3 c6 8. Nf3 b6 9. Nd2 Ba6 10. O-O dxc4 11. a4 Nd5 12. Qc2 b5 13. Ba3 Re8 14. Ne4 Qd7 15. Rfb1 bxa4 16. Qxa4 Bb5 17. Qc2 a6 18. Nd6 Rd8 19. e4 Nb6 20. e5 Nd5 21. Be4 f5 22. exf6 gxf6 23. Bg2 Qc7 24. Ne4 Qg7 25. Nc5 Re8 26. Re1 Nc7 27. Bh3 f5 28. Re2 Nd7 29. Rae1 Nxc5 30. Bxc5 Qh6 31. Bg2 Nd5 32. Re5 a5 33. Ba3 Rab8 34. Bd6 Rbd8 35. Ba3 Rb8 36. Bc1 Qg6 37. Qb2 Kf7 38. Qa3 a4 39. Bd2 Ra8 40. Qc5 Qf6 41. Bf3 Qg6 42. h4 Rab8 43. h5 Qf6 44. h6 Qg6 45. Qa7+ Kf6 46. Bh5 Qg8 47. Qd7 Nc7 48. Qxc7 Re7 49. Rxf5+ 1-0

[Event "56th Biel Festival MTO 2023"]
[White "Rotunno,Flavio"]
[Black "Ludwig,Peter"]
[Site "Biel"]
[Round "7.44"]
[Annotator "ChessBase"]
[Result "0-1"]
[Date "2023.07.25"]
[WhiteElo "2005"]
[BlackElo "2147"]
[PlyCount "79"]
[TimeControl "60"]

1. d4 Nf6 2. c4 e6 3. Nf3 Bb4+ 4. Nbd2 d5 5. e3 O-O 6. a3 Bd6 7. Bd3 b6 8. e4 dxe4 9. Nxe4 Nbd7 10. Nxd6 cxd6 11. O-O e5 12. dxe5 dxe5 13. Be2 Qc7 14. b3 Bb7 15. Bb2 Rad8 16. Qc2 e4 17. Nd4 Ne5 18. h3 Ng6 19. Nf5 Qf4 20. Ne3 Ne5 21. Bxe5 Qxe5 22. Rfd1 Rd7 23. Rxd7 Nxd7 24. Rd1 Nc5 25. b4 Ne6 26. Qd2 Qg5 27. Nd5 Qh4 28. Qe3 f5 29. Qg3 Qxg3 30. fxg3 Kf7 31. Nxb6 axb6 32. Rd7+ Kf6 33. Rxb7 Ra8 34. Rxb6 Rxa3 35. c5 Ke5 36. Kh2 Nd4 37. Bb5 Ra2 38. Kg1 e3 39. Rb8 Nxb5 40. Kf1 0-1

[Event "56th Biel Festival MTO 2023"]
[White "Stijve,Niels"]
[Black "Ozcan,Kaan"]
[Site "Biel"]
[Round "7.45"]
[Annotator "ChessBase"]
[Result "1/2-1/2"]
[Date "2023.07.25"]
[WhiteElo "2088"]
[BlackElo "2196"]
[PlyCount "85"]
[TimeControl "60"]

1. e4 e5 2. Nf3 Nc6 3. d4 exd4 4. Bc4 d6 5. Nxd4 Nxd4 6. Qxd4 Qf6 7. Qd3 c6 8. Nc3 Be6 9. Be3 Be7 10. a4 Bxc4 11. Qxc4 Qe6 12. Qd3 Nf6 13. f3 O-O 14. O-O Rfd8 15. Rfd1 d5 16. exd5 Nxd5 17. Nxd5 Rxd5 18. Qb3 Rdd8 19. Qxe6 fxe6 20. Rxd8+ Rxd8 21. Bxa7 Rd2 22. Re1 Rxc2 23. Rxe6 Kf7 24. Re4 Rxb2 25. Rc4 Rb4 26. Rxb4 Bxb4 27. Kf2 Ke6 28. Ke3 Kd5 29. Kd3 b5 30. axb5 cxb5 31. h4 h5 32. Bd4 g6 33. Bf6 Ba5 34. g4 Bc7 35. Kc3 Be5+ 36. Bxe5 Kxe5 37. gxh5 gxh5 38. Kb4 Kf4 39. Kxb5 Kxf3 40. Kc4 Kg3 41. Kd3 Kxh4 42. Ke2 Kg3 43. Kf1 1/2-1/2

[Event "56th Biel Festival MTO 2023"]
[White "Perkampus,Laurin"]
[Black "Schnell,Simon"]
[Site "Biel"]
[Round "7.46"]
[Annotator "ChessBase"]
[Result "1-0"]
[Date "2023.07.25"]
[WhiteElo "2197"]
[BlackElo "2029"]
[PlyCount "105"]
[TimeControl "60"]

1. d4 Nf6 2. c4 g6 3. Nc3 d5 4. Nf3 Bg7 5. Bf4 c5 6. dxc5 Qa5 7. cxd5 Nxd5 8. Qxd5 Bxc3+ 9. Bd2 Bxd2+ 10. Qxd2 Qxd2+ 11. Nxd2 Na6 12. Rc1 Be6 13. e4 Nb4 14. a3 Nc6 15. Bb5 O-O 16. Nf3 Rfd8 17. Bxc6 bxc6 18. O-O f6 19. Rfd1 Bb3 20. Rd4 a5 21. Kf1 Rab8 22. Ke2 e5 23. Rxd8+ Rxd8 24. Nd2 Be6 25. b3 Rb8 26. Rc3 Kf7 27. Kd1 f5 28. exf5 gxf5 29. Kc2 Bd5 30. Nc4 Bxc4 31. Rxc4 Ke6 32. Rh4 Rb7 33. Kc3 Kd5 34. b4 axb4+ 35. axb4 e4 36. Rh6 Rc7 37. g3 Ke5 38. Kc4 Ra7 39. Kb3 Rc7 40. Rd6 f4 41. gxf4+ Kxf4 42. b5 cxb5 43. Kb4 Ke5 44. Rd2 Rc8 45. Kxb5 Rb8+ 46. Kc6 Rb3 47. Kc7 Rd3 48. Rc2 Rf3 49. c6 Kd5 50. Kb7 Rb3+ 51. Kc8 Rd3 52. c7 Rf3 53. Kd7 1-0

[Event "56th Biel Festival MTO 2023"]
[White "Papaux,Steve"]
[Black "Giacomini,Hector"]
[Site "Biel"]
[Round "7.47"]
[Annotator "ChessBase"]
[Result "1/2-1/2"]
[Date "2023.07.25"]
[WhiteElo "2064"]
[BlackElo "2126"]
[PlyCount "81"]
[TimeControl "60"]

1. d4 d5 2. c4 e6 3. Nf3 Nf6 4. g3 dxc4 5. Bg2 c5 6. O-O Nc6 7. Ne5 Bd7 8. Na3 cxd4 9. Naxc4 Be7 10. Bf4 Nd5 11. Nxc6 Bxc6 12. Ne5 Nxf4 13. Nxc6 Qd6 14. gxf4 bxc6 15. Qa4 O-O 16. Rfd1 Bf6 17. e3 Rab8 18. b3 Qe7 19. Rac1 c5 20. Qa5 Rfc8 21. Rc4 dxe3 22. fxe3 g6 23. Rdc1 Qd7 24. Rxc5 Rxc5 25. Qxc5 Qd2 26. Rc2 Qd1+ 27. Bf1 Rd8 28. Qc4 Kg7 29. Qe2 Qb1 30. Rd2 Rc8 31. Qd3 Qc1 32. Rd1 Qc5 33. Qe4 Rd8 34. Rxd8 Bxd8 35. Bc4 Bb6 36. Kf2 Qh5 37. Kg3 Qa5 38. Kf3 Qh5+ 39. Kg3 Qa5 40. Kf3 Qh5+ 41. Kg3 1/2-1/2

[Event "56th Biel Festival MTO 2023"]
[White "Samant Aditya S"]
[Black "Bu,Xiangzhi"]
[Site "Biel"]
[Round "8.1"]
[Annotator "ChessBase"]
[Result "1/2-1/2"]
[Date "2023.07.26"]
[WhiteElo "2510"]
[BlackElo "2676"]
[PlyCount "48"]
[TimeControl "60"]

1. e4 e5 2. Nf3 Nc6 3. Bb5 a6 4. Ba4 Nf6 5. O-O b5 6. Bb3 Bc5 7. a4 Bb7 8. d3 O-O 9. Nc3 Na5 10. axb5 Nxb3 11. cxb3 axb5 12. Rxa8 Bxa8 13. Nxe5 d5 14. Nxb5 dxe4 15. d4 Bb6 16. Nc4 Bc6 17. Nc3 Bxd4 18. Bf4 Qd7 19. Ne5 Bxe5 20. Bxe5 Qe7 21. Bf4 Rb8 22. Qc2 h6 23. Rd1 Rb7 24. Rd4 Qe6 1/2-1/2

[Event "56th Biel Festival MTO 2023"]
[White "Quesada Perez,Luis Ernesto"]
[Black "Liu,Yan"]
[Site "Biel"]
[Round "8.2"]
[Annotator "ChessBase"]
[Result "1/2-1/2"]
[Date "2023.07.26"]
[WhiteElo "2553"]
[BlackElo "2542"]
[PlyCount "84"]
[TimeControl "60"]

1. d4 Nf6 2. c4 e6 3. Nf3 b6 4. g3 Bb7 5. Bg2 Bb4+ 6. Bd2 c5 7. Bxb4 cxb4 8. O-O O-O 9. Nbd2 d6 10. Qb3 a5 11. a3 bxa3 12. bxa3 Nbd7 13. Rfc1 Qc7 14. Ne1 Bxg2 15. Nxg2 e5 16. Nf3 exd4 17. Nxd4 Qc5 18. Rd1 a4 19. Qb5 Ra5 20. Qxc5 Rxc5 21. Ne3 g6 22. Nf3 Ne4 23. Rd4 f5 24. Nd2 Nxd2 25. Rxd2 Ne5 26. Rd4 Rfc8 27. Rxd6 Nxc4 28. Nxc4 Rxc4 29. Rxb6 Rc1+ 30. Rxc1 Rxc1+ 31. Kg2 Rc3 32. Rb8+ Kg7 33. Rb7+ Kg8 34. h4 h5 35. e3 Rxa3 36. Ra7 Ra2 37. Kf3 Kf8 38. Kf4 Rxf2+ 39. Kg5 Rf3 40. Kxg6 Rxg3+ 41. Kxf5 Rxe3 42. Rxa4 Kg7 1/2-1/2

[Event "56th Biel Festival MTO 2023"]
[White "Saraci,Nderim"]
[Black "Aryan Chopra"]
[Site "Biel"]
[Round "8.3"]
[Annotator "ChessBase"]
[Result "0-1"]
[Date "2023.07.26"]
[WhiteElo "2472"]
[BlackElo "2626"]
[PlyCount "102"]
[TimeControl "60"]

1. d4 d5 2. Nf3 Nf6 3. c4 c6 4. cxd5 cxd5 5. Nc3 Nc6 6. Bf4 a6 7. e3 Bg4 8. Be2 e6 9. O-O Bd6 10. Bg3 Bxf3 11. Bxf3 Bxg3 12. hxg3 O-O 13. Rc1 Rc8 14. Na4 Nd7 15. Be2 Qe7 16. Qd2 Qb4 17. Qxb4 Nxb4 18. a3 Nc6 19. b4 Rc7 20. Nc5 Rfc8 21. Rb1 Kf8 22. Nxb7 Rxb7 23. Bxa6 Rcb8 24. Bxb7 Rxb7 25. Rfc1 Na7 26. e4 Ke7 27. exd5 exd5 28. a4 Nb6 29. Ra1 Nc4 30. b5 Kd7 31. Re1 Nc8 32. a5 Rxb5 33. a6 Na7 34. Rab1 Na3 35. Rxb5 N3xb5 36. Rc1 Kd6 37. Rd1 Kc7 38. Ra1 Kb6 39. Re1 Nc6 40. Re8 h5 41. Ra8 g6 42. f3 Nd6 43. Kf2 Nxd4 44. g4 hxg4 45. fxg4 Ne6 46. Kf3 Nc4 47. Kf2 Ne5 48. Kg3 d4 49. Kf2 Nxg4+ 50. Kf3 Ne5+ 51. Ke4 Nd7 0-1

[Event "56th Biel Festival MTO 2023"]
[White "Albornoz Cabrera,Carlos Daniel"]
[Black "Rathanvel,V S"]
[Site "Biel"]
[Round "8.4"]
[Annotator "ChessBase"]
[Result "0-1"]
[Date "2023.07.26"]
[WhiteElo "2591"]
[BlackElo "2463"]
[PlyCount "80"]
[TimeControl "60"]

1. e4 c5 2. Nf3 d6 3. d4 cxd4 4. Nxd4 Nf6 5. Nc3 a6 6. Bg5 e6 7. f4 Nbd7 8. Qe2 Qc7 9. O-O-O b5 10. a3 Be7 11. Bxf6 Nxf6 12. g4 Nd7 13. g5 Nb6 14. Bg2 Bd7 15. Nf5 exf5 16. exf5 d5 17. f6 gxf6 18. gxf6 Qxf4+ 19. Kb1 Qxf6 20. Bxd5 O-O-O 21. Rhf1 Qg5 22. h4 Qxh4 23. Bh1 Bg4 24. Qg2 Rxd1+ 25. Nxd1 Kd8 26. Ne3 h5 27. Qc6 Nc8 28. Nd5 Bd6 29. Nf6 Be6 30. Bd5 Qh3 31. Bxe6 Qxe6 32. Qxa6 h4 33. Qa5+ Ke7 34. Qc3 Be5 35. Qc5+ Qd6 36. Qe3 Qd4 37. Nd5+ Qxd5 38. Qg5+ Kf8 39. Re1 f6 40. Qg4 Ne7 0-1

[Event "56th Biel Festival MTO 2023"]
[White "Chasin,Nico"]
[Black "Pranav Anand"]
[Site "Biel"]
[Round "8.5"]
[Annotator "ChessBase"]
[Result "0-1"]
[Date "2023.07.26"]
[WhiteElo "2455"]
[BlackElo "2510"]
[PlyCount "98"]
[TimeControl "60"]

1. e4 c5 2. Nf3 Nc6 3. Bb5 e6 4. O-O Nge7 5. Re1 b6 6. d4 cxd4 7. Nxd4 Nxd4 8. Qxd4 a6 9. Bf1 Nc6 10. Qc3 Bb7 11. Qg3 h5 12. Bg5 h4 13. Bxd8 hxg3 14. Bxb6 Rxh2 15. Re3 Bd6 16. fxg3 Rh5 17. Nd2 Ne5 18. Be2 Rg5 19. Rd1 Rc8 20. Rb3 Rxc2 21. Be3 Rxg3 22. Kf2 Rxe3 23. Kxe3 Bc6 24. Bxa6 Ba4 25. Rb7 Rc6 26. b3 Rxa6 27. bxa4 Rxa4 28. Rb2 Bc5+ 29. Ke2 g5 30. Rc2 Ba7 31. Rb1 g4 32. Rb5 f6 33. Rcb2 Nc6 34. Rh5 Ke7 35. Rh7+ Kd6 36. Rf7 Bc5 37. Kd1 Be3 38. Rc2 Rd4 39. Rxf6 Nb4 40. Rb2 Nd3 41. Rc2 Nc5 42. Rg6 Nxe4 43. Rxg4 Nf2+ 44. Ke2 Nxg4 45. Nc4+ Ke7 46. Nxe3 Re4 47. Rc3 d5 48. Kf3 Ne5+ 49. Kf2 d4 0-1

[Event "56th Biel Festival MTO 2023"]
[White "Deuer,Marius"]
[Black "Peng,Xiongjian"]
[Site "Biel"]
[Round "8.6"]
[Annotator "ChessBase"]
[Result "0-1"]
[Date "2023.07.26"]
[WhiteElo "2374"]
[BlackElo "2489"]
[PlyCount "118"]
[TimeControl "60"]

1. d4 d5 2. c4 c6 3. Nf3 Nf6 4. Qc2 g6 5. Bf4 dxc4 6. Qxc4 Bg7 7. e3 O-O 8. Nbd2 Nbd7 9. Be2 Nh5 10. Be5 Nxe5 11. Nxe5 Nf6 12. O-O Ne8 13. Ndf3 Nd6 14. Qc2 Be6 15. Rfd1 Bd5 16. b3 a5 17. a4 f6 18. Nc4 Kh8 19. Nxd6 exd6 20. e4 Bg8 21. Bc4 d5 22. exd5 cxd5 23. Bb5 Rf7 24. Re1 Rc7 25. Qd2 Qf8 26. h4 Bh6 27. Qe2 Qc8 28. h5 gxh5 29. g3 Bf7 30. Kg2 Qg4 31. Rh1 Bg6 32. Rh4 Qf5 33. Ne1 Rc3 34. Rd1 Bg5 35. Rxh5 Bxh5 36. Qxh5 Qg6 37. Qxg6 hxg6 38. Nd3 b6 39. b4 Rc2 40. bxa5 bxa5 41. Re1 Rd2 42. Nc5 Ra7 43. Re8+ Kh7 44. Nd7 f5 45. Nf8+ Kg7 46. Ne6+ Kf6 47. Kf1 Rh7 48. Nc5 Re7 49. Rxe7 Kxe7 50. Nb3 Rc2 51. Nxa5 Bf6 52. f4 Kd6 53. Nb7+ Ke6 54. Nc5+ Ke7 55. Nd3 Rc3 56. Ne5 Bxe5 57. dxe5 Rxg3 58. a5 Rb3 59. Bc6 Ra3 0-1

[Event "56th Biel Festival MTO 2023"]
[White "Nguyen,Ngoc Truong Son"]
[Black "Sanchez Alvarez,Roberto Carlos"]
[Site "Biel"]
[Round "8.7"]
[Annotator "ChessBase"]
[Result "1-0"]
[Date "2023.07.26"]
[WhiteElo "2645"]
[BlackElo "2444"]
[PlyCount "121"]
[TimeControl "60"]

1. d4 d5 2. c4 e6 3. Nc3 Nf6 4. cxd5 exd5 5. Bg5 c6 6. e3 h6 7. Bh4 Be7 8. Bd3 O-O 9. Qc2 Re8 10. Bg3 Nbd7 11. Nf3 Nh5 12. O-O-O Nxg3 13. hxg3 Nf6 14. Kb1 Bd6 15. Rh4 Bg4 16. Rdh1 Rc8 17. Bf5 Bxf5 18. Qxf5 Qd7 19. g4 Qxf5+ 20. gxf5 Kf8 21. g4 Nh7 22. Kc2 f6 23. Kd3 Ng5 24. Nxg5 hxg5 25. Rh8+ Kf7 26. Rxe8 Rxe8 27. a3 a5 28. Na4 b5 29. Nc3 Rd8 30. Rc1 Ke7 31. a4 b4 32. Nb1 Kd7 33. Rh1 c5 34. dxc5 Be5 35. Nd2 Bxb2 36. Nb3 Rg8 37. f3 Kc6 38. f4 gxf4 39. exf4 Re8 40. Rh2 Bc3 41. Re2 Rxe2 42. Kxe2 Bb2 43. Kd3 Bc3 44. Ke2 Bb2 45. g5 fxg5 46. fxg5 Bc3 47. Ke3 Bb2 48. Kd2 Bc3+ 49. Kc2 Be5 50. Kd3 Bf4 51. f6 gxf6 52. g6 Bh6 53. Kd4 f5 54. Nxa5+ Kc7 55. Kxd5 Bg7 56. Nb3 f4 57. Ke4 Bh6 58. a5 Kb7 59. Kf3 Kc6 60. a6 Kc7 61. Na5 1-0

[Event "56th Biel Festival MTO 2023"]
[White "Yuffa,Daniil"]
[Black "Harikrishnan.A.Ra"]
[Site "Biel"]
[Round "8.8"]
[Annotator "ChessBase"]
[Result "0-1"]
[Date "2023.07.26"]
[WhiteElo "2603"]
[BlackElo "2406"]
[PlyCount "114"]
[TimeControl "60"]

1. c4 c6 2. d4 d5 3. Nf3 Nf6 4. Nc3 dxc4 5. a4 Bf5 6. Ne5 Nbd7 7. Nxc4 Qc7 8. g3 e5 9. dxe5 Nxe5 10. Bf4 Nfd7 11. Bg2 g5 12. Ne3 gxf4 13. Nxf5 fxg3 14. hxg3 O-O-O 15. Qc2 Kb8 16. O-O-O a5 17. Ne4 Bb4 18. f4 Ng4 19. Bf3 Ndf6 20. Nxf6 Nxf6 21. e4 Nd7 22. e5 Nc5 23. Kb1 Ne6 24. Bh5 Nc5 25. Nh6 Rdf8 26. Ng4 Rhg8 27. Rhg1 Rd8 28. Ka2 Qc8 29. Nf6 Rxd1 30. Bxd1 Qe6+ 31. Kb1 Rd8 32. Bg4 Qe7 33. Rd1 h6 34. Bf5 Qc7 35. Kc1 Qb6 36. Bg4 Ka7 37. Bh5 Rxd1+ 38. Bxd1 Be1 39. Qc4 Bxg3 40. Nh5 Bf2 41. Kb1 Qd8 42. Qe2 Qd4 43. Bc2 Be3 44. Qe1 Bd2 45. Qg3 Na6 46. f5 Nb4 47. Qg2 Bg5 48. Qe2 Qd5 49. b3 Qd4 50. e6 fxe6 51. fxe6 Nd5 52. Qd3 Nc3+ 53. Ka1 Qg1+ 54. Bb1 Qc5 55. Kb2 Nb5 56. Ka1 Qe5+ 57. Ka2 Nc3+ 0-1

[Event "56th Biel Festival MTO 2023"]
[White "Huang,Renjie"]
[Black "Meshkovs,Nikita"]
[Site "Biel"]
[Round "8.9"]
[Annotator "ChessBase"]
[Result "1/2-1/2"]
[Date "2023.07.26"]
[WhiteElo "2445"]
[BlackElo "2565"]
[PlyCount "119"]
[TimeControl "60"]

1. e4 c5 2. Nf3 Nc6 3. Bb5 g6 4. O-O Bg7 5. c3 Nf6 6. Re1 O-O 7. d4 d5 8. e5 Ne4 9. Be3 Qb6 10. Bxc6 bxc6 11. Qc1 c4 12. Nbd2 Nxd2 13. Nxd2 Bf5 14. b3 Bd3 15. bxc4 dxc4 16. Qa3 e6 17. d5 Qb5 18. dxe6 fxe6 19. Bc5 Rfd8 20. Nf3 Rd5 21. Bd6 Bh6 22. Nd4 Qb6 23. Qa4 Bd2 24. Nxc6 Bxe1 25. Rxe1 Rb5 26. Nb4 Rc8 27. Qd1 a5 28. Nxd3 cxd3 29. Qxd3 Rb2 30. Rf1 Rxa2 31. h4 Qb3 32. Qa6 Qxc3 33. Bc5 Qxc5 34. Qxe6+ Kg7 35. Qxa2 Qxe5 36. g3 Rf8 37. Qd2 Rf7 38. Re1 Qf6 39. Re4 Qa1+ 40. Kg2 Qf6 41. Kg1 Qa1+ 42. Kh2 Qf6 43. Rf4 Qa1 44. Rc4 Qf6 45. Kg1 Qa1+ 46. Rc1 Qe5 47. Rc6 Rf6 48. Rc2 Rf7 49. Ra2 Ra7 50. Ra4 h5 51. Kh2 Kh7 52. Rf4 Kg7 53. Qa2 Kh7 54. Qa3 Qd5 55. Qf8 a4 56. Qa3 Qd7 57. Kg2 Qd5+ 58. Kh2 Qd7 59. Kg2 Qc6+ 60. Kh2 1/2-1/2

[Event "56th Biel Festival MTO 2023"]
[White "Rodrigue-Lemieux,Shawn"]
[Black "Shlyakhtenko,Robert"]
[Site "Biel"]
[Round "8.10"]
[Annotator "ChessBase"]
[Result "0-1"]
[Date "2023.07.26"]
[WhiteElo "2495"]
[BlackElo "2401"]
[PlyCount "66"]
[TimeControl "60"]

1. a3 d5 2. Nf3 Nf6 3. d4 Bf5 4. Bf4 e6 5. e3 Ne4 6. c4 c6 7. Bd3 Bd6 8. Bxd6 Nxd6 9. Bxf5 Nxf5 10. Nbd2 Nd7 11. O-O O-O 12. b4 a5 13. b5 cxb5 14. cxd5 exd5 15. Qb3 Nf6 16. Qxb5 Nd6 17. Qb3 b5 18. Rfc1 Qe7 19. Rc5 Qb7 20. Ne5 Rfc8 21. Rb1 Rc7 22. f3 h5 23. Rbc1 Rac8 24. Qc3 Rxc5 25. dxc5 Nc4 26. Ndxc4 dxc4 27. c6 Qb6 28. Rd1 Qc5 29. Kh1 Nd5 30. Qxa5 c3 31. e4 Ne3 32. Qa6 Re8 33. Nd3 Rd8 0-1

[Event "56th Biel Festival MTO 2023"]
[White "Weishaeutel,Moritz"]
[Black "Samadov,Read"]
[Site "Biel"]
[Round "8.11"]
[Annotator "ChessBase"]
[Result "0-1"]
[Date "2023.07.26"]
[WhiteElo "2442"]
[BlackElo "2482"]
[PlyCount "54"]
[TimeControl "60"]

1. e4 c5 2. Nf3 d6 3. d4 cxd4 4. Nxd4 Nf6 5. Nc3 a6 6. f3 e5 7. Nb3 Be6 8. Be3 Be7 9. Qd2 Nbd7 10. g4 O-O 11. O-O-O b5 12. g5 b4 13. Ne2 Nh5 14. Ng3 a5 15. Nxh5 a4 16. Na1 Bxa2 17. b3 axb3 18. cxb3 Rc8+ 19. Bc4 Rxc4+ 20. bxc4 Qa5 21. Nc2 Rb8 22. Qd5 Qa4 23. Kb2 Rc8 24. Ra1 Qb3+ 25. Kc1 Rxc4 26. Qd2 Qa4 27. Kb2 Rxc2+ 0-1